 Dungeon Crawl Stone Soup version 0.22-a0-181-gb22368a (webtiles) character file.

269 Amnesiac the Magician (level 6, -2/41 HPs)
             Began as a Mummy Earth Elementalist on Feb 14, 2018.
             Slain by a quasit (3 damage)
             ... while paralysed
             ... on level 5 of the Dungeon.
             The game lasted 00:03:56 (2095 turns).

Amnesiac the Magician (Mummy Earth Elementalist)    Turns: 2095, Time: 00:03:57

Health: -2/41      AC:  3    Str: 12    XL:     6   Next: 1%
Magic:  2/13       EV:  2    Int: 16    God:
Gold:   65         SH:  0    Dex: -1 (12) Spells: 2/14 levels left

rFire    x . .     SeeInvis .   l - +1 dagger (venom)
rCold    + . .     Gourm    .   (no shield)
rNeg     + + +     Faith    .   c - +0 robe
rPois    ∞         Spirit   .   i - +0 helmet
rElec    .         Reflect  .   (no cloak)
rCorr    .         Harm     .   (no gloves)
MR       .....                  (no boots)
Stlth    ..........             (no amulet)
HPRegen  0.13/turn              (no ring)
MPRegen  0.13/turn              (no ring)

@: paralysed, very slightly contaminated, slowed, lost dexterity
A: no food or potions, fire vulnerability, cold resistance 1, negative energy
resistance 3, torment resistance, unbreathing
a: no special abilities


You were on level 5 of the Dungeon.
You were not hungry.

You visited 1 branch of the dungeon, and saw 5 of its levels.

You collected 65 gold pieces.

Inventory:

Hand Weapons
 l - a +1 dagger of venom (weapon)
Missiles
 e - a throwing net (quivered)
 j - 6 poisoned needles
Armour
 c - a +0 robe (worn)
 i - a +0 helmet (worn)
Scrolls
 a - a scroll of identify {!r}
 k - a scroll of amnesia {!r}
Books
 d - a book of Geomancy

   Spells                             Type                      Level
   a - Sandblast                      Earth                        1
   b - Passwall                       Transmutation/Earth          2
   c - Stone Arrow                    Conjuration/Earth            3
   d - Petrify                        Transmutation/Earth          4
   e - Lee's Rapid Deconstruction     Earth                        5


   Skills:
 - Level 1.5 Dodging
 - Level 2.1 Stealth
 + Level 4.7 Spellcasting
 - Level 0.7 Transmutations
 * Level 4.7 Earth Magic


You had 2 spell levels left.
You knew the following spells:

 Your Spells              Type           Power        Failure   Level  Hunger
a - Sandblast             Erth           ###...       2%          1    N/A
b - Passwall              Tmut/Erth      ##........   8%          2    N/A
d - Lee's Rapid Deconstr  Erth           ###.......   54%         5    N/A
e - Petrify               Tmut/Erth      ##......     45%         4    N/A

Dungeon Overview and Level Annotations

Branches:
Dungeon (5/15)
 Temple: D:4-7

Altars:
Dithmenos

Shops:
D:5 %


Innate Abilities, Weirdness & Mutations

You do not eat or drink.
Your flesh is vulnerable to fire.
You are immune to poison.
Your flesh is cold resistant. (rC+)
You are immune to negative energy. (rN+++)
You are immune to unholy pain and torment.
You can survive without breathing.


Message History

Unknown command.
Unknown command.
Okay, then.
Casting: Petrify (quite dangerous; 45% risk of failure)
Confirm with . or Enter, or press ? or * to list all spells.
Aiming: Petrify (quite dangerous; 45% risk of failure)
Press: ? - help, Shift-Dir - straight line, f/p - quasit
Aim: a quasit (chance to defeat MR: 51%)
The quasit resists with significant effort.
The quasit barely misses you. The quasit closely misses you.
The quasit barely misses you. The quasit bites you.
* * * LOW HITPOINT WARNING * * *
The quasit claws you.
* * * LOW HITPOINT WARNING * * *
You feel clumsy. The quasit claws you.
* * * LOW HITPOINT WARNING * * *
Unknown command.
Unknown command.
Casting: Petrify (quite dangerous; 45% risk of failure)
Confirm with . or Enter, or press ? or * to list all spells.
You don't have enough magic to cast that spell.
Unknown command.
The quasit misses you.
The quasit claws you but does no damage. x2
You barely miss the quasit.
The quasit is lightly wounded.
The quasit closely misses you.
The quasit claws you but does no damage. x2
The quasit completely misses you.
The quasit claws you but does no damage. x2
The quasit bites you.
* * * LOW HITPOINT WARNING * * *
The quasit closely misses you.
The quasit claws you but does no damage.
You miss the quasit.
The quasit bites you but does no damage.
The quasit barely misses you. x2; The quasit misses you.
The quasit claws you.
* * * LOW HITPOINT WARNING * * *
You feel clumsy. The quasit closely misses you.
The quasit bites you but does no damage.
The quasit misses you.
The quasit claws you but does no damage.
You closely miss the quasit.
The quasit is lightly wounded.
The quasit bites you but does no damage.
The quasit claws you but does no damage. x2
The quasit bites you but does no damage.
The quasit claws you but does no damage. x2
You hit the quasit.
The quasit is poisoned.
The quasit is lightly wounded.
The quasit bites you.
* * * LOW HITPOINT WARNING * * *
You feel clumsy.
You have lost your dexterity.
The quasit claws you.
* * * LOW HITPOINT WARNING * * *
You feel clumsy.
The quasit claws you but does no damage.
The quasit bites you.
* * * LOW HITPOINT WARNING * * *
The quasit claws you but does no damage. x2
The quasit bites you.
You die...

#..####.####
#..........#.#.#
#...............
#.#...#.#....#.# # #.###
#5# .### #. #.#####.# .#
#.. #.... #.# .# #
####..####.....#)#..# #
.......5@#.....#.#..###.#
####..##5#.# #..†.5.....#
#. #.#.# ###.#.######
#...##...#####.#.### #
#.........5........# #
#..................# #
............$......# #
#..................####
#...######.............


You could see 2 quasits.

Vanquished Creatures
  Dowan (D:4)
  A hound (D:4)
  An orc priest (D:4)
  2 orc wizards (D:4)
  A worker ant (D:4)
  Robin (D:4)
  2 adders (D:4)
  3 leopard geckos
  8 orcs (D:4)
  A giant cockroach (D:3)
  11 goblins
  4 hobgoblins
  3 jackals (D:5)
  3 kobolds
  A quokka (D:3)
  2 bats (D:1)
  3 frilled lizards
  A rat (D:1)
49 creatures vanquished.

Notes
Turn   | Place    | Note
-------+----------+-------------------------------------------
     0 | D:1      | Amnesiac the Mummy Earth Elementalist began the quest for the Orb.
     0 | D:1      | Reached XP level 1. HP: 13/13 MP: 4/4
   570 | D:2      | Reached XP level 2. HP: 19/19 MP: 2/5
   577 | D:2      | Learned a level 2 spell: Passwall
   851 | D:4      | Reached XP level 3. HP: 24/24 MP: 3/7
   953 | D:4      | Reached XP level 4. HP: 30/30 MP: 3/9
   990 | D:4      | Learned a level 4 spell: Petrify
  1060 | D:4      | Noticed Robin
  1136 | D:4      | Killed Robin
  1554 | D:4      | Reached XP level 5. HP: 28/35 MP: 4/11
  1746 | D:4      | Found a shadowy altar of Dithmenos.
  1752 | D:4      | Noticed Dowan
  1794 | D:4      | Killed Dowan
  1893 | D:5      | Entered Level 5 of the Dungeon
  1893 | D:5      | Found Dische Refao's Food Emporium.
  1938 | D:5      | Reached XP level 6. HP: 32/41 MP: 11/13
  1961 | D:5      | HP: 2/41 [quasit (2)]
  2086 | D:5      | Learned a level 5 spell: Lee's Rapid Deconstruction
  2095 | D:5      | Lost dexterity.
  2095 | D:5      | HP: 2/41 [quasit (1)]
  2095 | D:5      | Slain by a quasit

Vault maps used:
D:1:      dpeg_arrival_subterranean_lakeside_camping
D:2:      first_ration
D:3:      kennysheep_generic_room_4
D:4:      grunt_dithmenos_smoke, uniq_robin, uniq_duvessa
D:5:      led_xom_imps, serial_shops, shop, basic_altar, hex_medium,
          serial_bayou_pond_b, uniq_pikel, uniq_prince_ribbit1

Skill      XL: |  1  2  3  4 |
---------------+-------------+-----
Spellcasting   | 3 4 |  4.7
Earth Magic    | 3 4 |  4.7
Stealth        | 2 |  2.1
Dodging        | |  1.5
Transmutations | |  0.7

Action                   |  1- 3 |  4- 6 || total
-------------------------+-------+-------++-------
Melee: Unarmed           |    54 |       ||    54
       Dagger            |       |    40 ||    40
Throw: Stone             |     1 |     1 ||     2
 Cast: Sandblast         |    24 |    57 ||    81
       Petrify           |       |     1 ||     1
  Use: Scroll            |       |     5 ||     5
 Stab: Sleeping          |     2 |       ||     2
Armor: Robe              |    24 |    49 ||    73
Dodge: Dodged            |    51 |    94 ||   145

Table legend:
 A = Spawn XP
 B = Non-spawn XP
 C = Spawn XP percentage of total XP
 D = Spawn monster count
 E = Non-spawn monster count
 F = Spawn count percentage of total count
 G = Total turns spent on level
                    A         B        C        D         E        F      G
               +---------+---------+-------+---------+---------+-------+---------
         Total |       0 |     385 |   0.0 |       0 |      49 |   0.0 |  2095
               +---------+---------+-------+---------+---------+-------+---------
           D:1 |       0 |      10 |   0.0 |       0 |       7 |   0.0 |   545
           D:2 |       0 |       3 |   0.0 |       0 |       1 |   0.0 |    46
           D:3 |       0 |      13 |   0.0 |       0 |       7 |   0.0 |   204
           D:4 |       0 |     353 |   0.0 |       0 |      31 |   0.0 |  1098
           D:5 |       0 |       6 |   0.0 |       0 |       3 |   0.0 |   202
               +---------+---------+-------+---------+---------+-------+---------
